 Dungeon Crawl Stone Soup version 0.31.0-11-ge490571c62 (webtiles) character file.

Game seed: 5326220467903909320

1 SnakkuSnakku7 the Magician (level 1, -2/14 HPs)
             Began as a Mummy Alchemist on Jan 27, 2024.
             Slain by a quokka (4 damage)
             ... on level 1 of the Dungeon.
             The game lasted 00:00:15 (96 turns).

SnakkuSnakku7 the Magician (Mummy Alchemist)          Turns: 96, Time: 00:00:15

Health: -2/14      AC:  2    Str: 11    XL:     1   Next: 16%
Magic:  2/4        EV: 12    Int: 14    God:
Gold:   0          SH:  0    Dex: 12    Spells: 4/5 levels left

rFire   x . .        b - +0 flail
rCold   + . .        (no shield)
rNeg    + + +        a - +0 robe
rPois   ∞            (no helmet)
rElec   .            (no cloak)
rCorr   .            (no gloves)
SInv    .            (no boots)
Will    .....        (no amulet)
Stlth   ++           (no ring)
HPRegen 0.22/turn    (no ring)
MPRegen 0.09/turn

%: faith
@: no status effects
A: cold resistance 1, negative energy resistance 3, torment resistance 2, heat
vulnerability 1, in touch with death 1, no potions, faith
a: no special abilities


You were on level 1 of the Dungeon.
You visited 1 branch of the dungeon, and saw 1 of its levels.

Inventory:

Hand Weapons
 b - a +0 flail (weapon)
Armour
 a - a +0 robe (worn)
Scrolls
 c - a scroll of immolation {unknown}


   Skills:
 + Level 0.4 Fighting
 - Level 1.5 Dodging
 - Level 1.5 Stealth
 - Level 2.6 Spellcasting
 - Level 0.7 Conjurations
 - Level 2.4 Alchemy


You had 4 spell levels left.
You knew the following spells:

 Your Spells              Type           Power      Damage    Failure   Level
a - Sting                 Conj/Alch      24%        1d4       12%         1

Your spell library contained the following spells:

 Spells                   Type           Power      Damage    Failure   Level
 Mercury Vapours          Alch/Air       10%        N/A       21%         2
 Mephitic Cloud           Conj/Alch/Air  4%         N/A       41%         3
 Olgreb's Toxic Radiance  Alch           8%         N/A       63%         4
 Sticky Flame             Fire/Alch      5%         2d4       80%         4


Dungeon Overview and Level Annotations

Branches:
Dungeon (1/15)

Altars:


Innate Abilities, Weirdness & Mutations

You are immune to poison.
Your flesh is cold resistant. (rC+)
You are immune to negative energy. (rN+++)
You are immune to unholy pain and torment.
You are vulnerable to heat. (rF-)
You are in touch with the powers of death.
You do not drink.
You have a special connection with the divine. (Faith)


Message History

You kill the ball python!
c - a scroll labelled GYLOPEN XUOTZATS A frilled lizard comes into view.
A frilled lizard is nearby!
A frilled lizard comes into view.
A quokka comes into view.
The frilled lizard hisses angrily.
The frilled lizard hisses.
The frilled lizard bites you.
The frilled lizard hisses angrily.
A giant cockroach comes into view.
The frilled lizard attacks as it pursues you!
The frilled lizard closely misses you. The quokka bites you.
You closely miss the quokka. The quokka closely misses you.
The quokka bites you.
You hit the quokka but do no damage. The quokka bites you.
The quokka closely misses you.
You closely miss the quokka. The quokka bites you.
You barely miss the quokka. The quokka misses you. The quokka bites you.
You are too injured to fight recklessly!
You hit the quokka but do no damage.
The quokka bites you but does no damage.
The quokka closely misses you.
You hit the quokka but do no damage. The quokka bites you.
Aiming: Sting (safe; 12% risk of failure)
Press: ? - help, Q - select action Shift-Dir - straight line, f - quokka
Aim: a quokka (56% to hit)
The sting misses the quokka.
The sting hits the frilled lizard.
The frilled lizard is poisoned.
You kill the frilled lizard!
The quokka bites you.
* * * LOW HITPOINT WARNING * * *
The quokka bites you.
* * * LOW HITPOINT WARNING * * *
Aiming: Sting (safe; 12% risk of failure)
Press: ? - help, Q - select action Shift-Dir - straight line, f/p - quokka
Aim: a quokka (56% to hit)
The sting misses the quokka.
The sting misses the frilled lizard.
The quokka bites you.
You die...

.######.# ........# ..
..##.##.# ..
...#.##.###... .#
............# .#
...####.###... .#
...####.# .#
#.......### ####.#
##.##.....####lr@.#
...##.......##.######.
#####.....#...........
#.....#.#l###.#.#.
#.....B.........#
#####.#.#.###.#...#
#.#.#.#$#l# ###
..#.#.###.#
#..#.........


You could see a quokka, a giant cockroach (wandering) and a frilled lizard.

Vanquished Creatures
  A ball python (D:1)
  A frilled lizard (D:1)
2 creatures vanquished.

Notes
Turn   | Place    | Note
-------+----------+-------------------------------------------
     0 | D:1      | SnakkuSnakku7 the Mummy Alchemist began the quest for the
                  | Orb.
     0 | D:1      | Reached XP level 1. HP: 13/13 MP: 4/4
    96 | D:1      | Slain by a quokka

Illustrated notes

Levels and vault maps discovered:
D:1:      dpeg_arrival_erosion, layout_loops_cross, basic_ecumenical_altar,
          palyth_stone_intersect, minmay_surrounded

Action                     || total
---------------------------++-------
  Melee: Flail             ||    10
   Cast: Sting             ||     2
 Armour: Robe              ||    13
  Dodge: Dodged            ||     8
